 Dungeon Crawl Stone Soup version 0.23-a0-163-g800ba1ec23 (webtiles) character file.

907 Napalmbreeze the Conjurer (level 7, -3/36 HPs)
             Began as a Deep Elf Fire Elementalist on Sept 9, 2018.
             Was an Initiate of Vehumet.
             Killed from afar by an orc wizard (7 damage)
             ... with a magic dart
             ... on level 4 of the Dungeon.
             The game lasted 00:10:35 (5137 turns).

Napalmbreeze the Conjurer (DEFE)                    Turns: 5137, Time: 00:10:35

Health: -3/36      AC:  2    Str:  5    XL:     7   Next: 81%
Magic:  4/18       EV: 19    Int: 22    God:    Vehumet [......]
Gold:   260        SH:  0    Dex: 15    Spells: 9/19 levels left

rFire    . . .     SeeInvis .   (no weapon)
rCold    . . .     Gourm    .   (no shield)
rNeg     . . .     Faith    .   a - +0 robe
rPois    .         Spirit   .   (no helmet)
rElec    .         Reflect  .   (no cloak)
rCorr    +         Harm     .   (no gloves)
MR       .....                  (no boots)
Stlth    ++........             (no amulet)
HPRegen  0.12/turn              e - ring of resist corrosion
MPRegen  0.16/turn              m - +6 ring of evasion

@: very slightly contaminated
A: no striking features
a: Renounce Religion


You were on level 4 of the Dungeon.
You worshipped Vehumet.
Vehumet was noncommittal.
You were hungry.

You visited 2 branches of the dungeon, and saw 6 of its levels.

You collected 260 gold pieces.

Inventory:

Missiles
 d - 6 needles of sleeping
Armour
 a - a +0 robe (worn)
Jewellery
 e - a ring of resist corrosion (left hand)
 k - an uncursed ring of ice
 m - a +6 ring of evasion (right hand)
Wands
 r - a wand of flame (21)
 s - a wand of digging (13)
Scrolls
 f - 2 scrolls of magic mapping {unknown}
 g - 2 scrolls of fear {unknown}
 i - 6 scrolls of identify {unknown}
 j - 2 scrolls of teleportation {unknown}
 p - a scroll of amnesia {unknown}
 q - 4 scrolls of immolation {unknown}
 v - 4 scrolls of blinking {unknown}
 x - a scroll of enchant armour {unknown}
 y - 2 scrolls of remove curse {unknown}
 z - a scroll of random uselessness {unknown}
Potions
 b - a potion of brilliance {unknown}
 h - a potion of mutation {unknown}
 l - 2 potions of degeneration {unknown}
 n - a potion of magic {unknown}
 o - 2 potions of heal wounds {unknown}
 u - a potion of curing {unknown}
 A - 2 potions of berserk rage {unknown}
Comestibles
 c - 6 rations
 t - a chunk of flesh


   Skills:
 - Level 2.4 Dodging
 - Level 2.4 Stealth
 + Level 6.5 Spellcasting
 * Level 7.0 Conjurations
 + Level 5.8 Fire Magic


You had 9 spell levels left.
You knew the following spells:

 Your Spells              Type           Power        Failure   Level  Hunger
a - Flame Tongue          Conj/Fire      #####        1%          1    None
d - Conjure Flame         Conj/Fire      #####...     1%          3    #......
f - Sticky Flame          Conj/Fire      #####...     6%          4    ###....
s - Throw Flame           Conj/Fire      #####.       1%          2    None

Your spell library contained the following spells:

 Spells                   Type           Power        Failure   Level  Hunger
 Inner Flame              Hex/Fire       ###.....     8%          3    #......
 Fireball                 Conj/Fire      #####.....   17%         5    #####..


Dungeon Overview and Level Annotations

Branches:
Dungeon (5/15)             Temple (1/1) D:4

Altars:
Cheibriados
Dithmenos
Elyvilon
Fedhas
Kikubaaqudgha
Nemelex Xobeh
Okawaru
Qazlal
Ru
Sif Muna
Trog
Vehumet


Message History

Something closely misses you. Something hits you but does no damage.
Something barely misses you.
A magic dart appears from out of thin air!
The magic dart hits you!
* * * LOW HITPOINT WARNING * * *
Okay, then.
Casting: Sticky Flame (safe; 6% risk of failure)
Confirm with . or Enter, or press ? or * to list all spells.
Okay, then.
Casting: Sticky Flame (safe; 6% risk of failure)
Confirm with . or Enter, or press ? or * to list all spells.
Aiming: Sticky Flame (safe; 6% risk of failure)
Press: ? - help, Shift-Dir - straight line You are feeling hungry.
You hear some strange, mumbled words.
A puff of flame appears from out of thin air!
The puff of flame misses you.
A magic dart appears from out of thin air!
The magic dart hits you!
You die...

#.# #####....###...... #.#
#>.......'........ #.#
#.###....###...... #.# #.#
###### #..#### #.# #.#
##..#### #.# #.# #.....## #.#
######{##### #.....## #.#
#...##.....# #.....'. #.#
#...##@....# #.....#. #.#
#...##.....# #####.#. #.#
#...##.##### #.#. #.#
#........# #.#. #.#
###......# #.#.
#.#######......# #.#.
#............### #...
###.#######################..
#.# #..................


There were no monsters in sight!

Vanquished Creatures
  A hornet zombie (D:5)
  3 phantoms
  A bullfrog (D:5)
  2 scorpions
  2 orc priests (D:4)
  An orc wizard (D:4)
  An iguana (D:4)
  2 worker ants
  Ijyb (D:3)
  4 gnolls
  8 adders
  An ooze (D:2)
  An adder zombie (D:5)
  An adder skeleton (D:5)
  4 worms (D:2)
  2 dart slugs
  3 leopard geckos
  6 orcs
  3 bats
  A giant cockroach (D:1)
  6 hobgoblins
  6 jackals
  5 kobolds
  2 quokkas
  A ball python (D:4)
  4 frilled lizards
  14 goblins
  A leopard gecko skeleton (D:4)
  A quokka skeleton (D:4)
  5 rats
  A plant (D:4)
94 creatures vanquished.

Vanquished Creatures (others)
  A plant (D:4)
1 creature vanquished.

Grand Total: 95 creatures vanquished

Notes
Turn   | Place    | Note
-------+----------+-------------------------------------------
     0 | D:1      | Napalmbreeze the Deep Elf Fire Elementalist began the quest
                  | for the Orb.
     0 | D:1      | Reached XP level 1. HP: 10/10 MP: 6/6
   214 | D:1      | Reached XP level 2. HP: 15/15 MP: 5/8
   371 | D:1      | Reached skill level 2 in Conjurations
   831 | D:2      | Reached XP level 3. HP: 19/19 MP: 5/10
   835 | D:2      | Learned a level 2 spell: Throw Flame
   839 | D:2      | Learned a level 3 spell: Conjure Flame
   955 | D:2      | Found an ancient bone altar of Kikubaaqudgha.
  1181 | D:2      | Reached skill level 3 in Conjurations
  1250 | D:2      | Reached XP level 4. HP: 24/24 MP: 8/11
  2224 | D:3      | Noticed a phantom
  2240 | D:3      | Killed a phantom
  2240 | D:3      | Reached skill level 4 in Conjurations
  2240 | D:3      | Reached XP level 5. HP: 28/28 MP: 8/13
  2378 | D:3      | Noticed Ijyb
  2390 | D:3      | Killed Ijyb
  3109 | D:4      | Learned a level 4 spell: Sticky Flame
  3205 | D:4      | Noticed a phantom
  3241 | D:4      | Killed a phantom
  3241 | D:4      | Reached skill level 5 in Spellcasting
  3241 | D:4      | Reached skill level 5 in Conjurations
  3241 | D:4      | Reached XP level 6. HP: 29/32 MP: 3/15
  3718 | D:4      | Reached skill level 5 in Fire Magic
  3806 | D:4      | Found a staircase to the Ecumenical Temple.
  3864 | Temple   | Entered the Ecumenical Temple
  3873 | Temple   | Became a worshipper of Vehumet
  4095 | D:4      | Reached XP level 7. HP: 35/36 MP: 6/17
  4191 | D:4      | Reached skill level 6 in Conjurations
  4792 | D:5      | Entered Level 5 of the Dungeon
  5122 | D:5      | Reached skill level 7 in Conjurations
  5137 | D:4      | Killed from afar by an orc wizard

Vault maps used:
D:1:      dpeg_arrival_tiny_h
D:2:      overflow_temple_1_default
D:3:      kennysheep_the_goblin_king, first_ration, kennysheep_generic_room_13
D:4:      minmay_temple_entry_statues_fountains, minmay_misc_feat_nine_boxes,
          minivault_26, saegor_snake_ambush
D:5:      uniq_eustachio
Temple:   grunt_wide_crystal_templ

Skill      XL: |  1  2  3  4  5  6  7 |
---------------+----------------------+-----
Conjurations   | 2 3 4 5 7 |  7.0
Spellcasting   | 4 5 6 |  6.5
Fire Magic     | 4 5 |  5.8
Dodging        | |  2.4
Stealth        | |  2.4

Action                   |  1- 3 |  4- 6 |  7- 9 || total
-------------------------+-------+-------+-------++-------
Melee: Unarmed           |       |     1 |       ||     1
 Cast: Flame Tongue      |    49 |   106 |    28 ||   183
       Conjure Flame     |     1 |     2 |     3 ||     6
       Throw Flame       |       |    28 |     9 ||    37
       Sticky Flame      |       |       |     6 ||     6
Evoke: Wand              |       |       |     2 ||     2
  Eat: Chunk             |     1 |     9 |       ||    10
       Ration            |       |       |     1 ||     1
Armor: Robe              |       |     2 |     2 ||     4
Dodge: Dodged            |    11 |    32 |    32 ||    75

Table legend:
 A = Non-vault XP
 B = Vault XP
 C = Vault XP percentage of total XP
 D = Non-vault monster count
 E = Vault monster count
 F = Vault count percentage of total count
                 A         B        C        D         E       F
            +---------+---------+-------+---------+---------+-------
      Total |    1226 |      70 |   5.4 |      83 |      10 |  10.8
            +---------+---------+-------+---------+---------+-------
        D:1 |      18 |       0 |   0.0 |       9 |       0 |   0.0
        D:2 |      95 |       0 |   0.0 |      18 |       0 |   0.0
        D:3 |     191 |      43 |  18.4 |      27 |       7 |  20.6
        D:4 |     569 |      27 |   4.5 |      21 |       3 |  12.5
        D:5 |     353 |       0 |   0.0 |       8 |       0 |   0.0
            +---------+---------+-------+---------+---------+-------
